 Dungeon Crawl Stone Soup version 0.28.0-1-gb440e238dd (webtiles) character file.

Game seed: 8350362206753684125

18 graymark the Ducker (level 2, 0/23 HPs)
             Began as a Demonspawn Gladiator on Feb 26, 2022.
             Slain by an orc wizard (2 damage)
             ... on level 2 of the Dungeon.
             The game lasted 00:01:58 (739 turns).

graymark the Ducker (Demonspawn Gladiator)           Turns: 739, Time: 00:01:58

Health: 0/23       AC:  5    Str: 14    XL:     2   Next: 48%
Magic:  2/2        EV: 12    Int:  9    God:
Gold:   54         SH:  0    Dex: 14    Spells: 1/1 levels left

rFire   + . .      SeeInvis .   a - +0 war axe
rCold   . . .      Faith    .   (no shield)
rNeg    . . .      Spirit   .   b - +0 leather armour
rPois   +          Reflect  .   c - +0 helmet
rElec   .          Harm     .   f - +0 cloak
rCorr   .          Rampage  .   (no gloves)
Will    .....                   (no boots)
Stlth   +.........              (no amulet)
HPRegen 0.07/turn               e - ring of protection from fire
MPRegen 0.08/turn               h - ring of poison resistance

@: confused
A: powered by death 1
a: no special abilities


You were on level 2 of the Dungeon.
You visited 1 branch of the dungeon, and saw 2 of its levels.

You collected 54 gold pieces.

Inventory:

Hand Weapons
 a - a +0 war axe (weapon)
Missiles
 d - 3 throwing nets (quivered)
Armour
 b - a +0 leather armour (worn)
 c - a +0 helmet (worn)
 f - a +0 cloak (worn)
Jewellery
 e - a ring of protection from fire (left hand)
 h - a ring of poison resistance (right hand)
Scrolls
 g - a scroll of amnesia {unknown}
 j - a scroll of brand weapon {unknown}


   Skills:
 + Level 2.4 Fighting
 + Level 3.0 Axes
 - Level 1.7 Throwing
 + Level 3.0 Dodging


You had one spell level left.
You didn't know any spells.
Your spell library was empty.

Dungeon Overview and Level Annotations

Branches:
Dungeon (2/15)

Altars:


Innate Abilities, Weirdness & Mutations

You regenerate a little health from kills.


Message History

The orc wizard is severely wounded.
You miss the orc. You hit the orc wizard. You hit the orc.
You kill the orc!
The orc wizard hits you with a +0 dagger.
The orc wizard misses you. The orc hits you but does no damage.
Your Axes skill increases to level 3!
You're too confused to move!
The orc wizard hits you with a +0 dagger.
The orc wizard casts a spell at you. The magic dart hits you!
* * * LOW HITPOINT WARNING * * *
The orc barely misses you.
Unknown command.
The orc wizard hits you but does no damage. x2
Things that are here:
a +0 whip; a +0 chain mail; an orc corpse Unknown command.
You are too injured to fight recklessly!
You feel less confused. The orc wizard barely misses you.
The orc wizard hits you but does no damage.
You are too injured to fight recklessly!
You closely miss the orc wizard.
The orc wizard is severely wounded.
You slash the orc!
You kill the orc!
You hit the orc wizard.
The orc wizard hits you but does no damage.
The orc wizard points at you and mumbles some strange words.
You are confused.
The orc wizard gestures at you while chanting.
You are more confused.
The orc wizard closely misses you.
You miss the orc wizard.
The orc wizard is severely wounded.
You barely miss the orc wizard.
The orc wizard hits you with a +0 dagger.
* * * LOW HITPOINT WARNING * * *
The orc wizard hits you with a +0 dagger.
You die...

#.# #.......###.##
###.###..###### #.#
#.........# #.#
#.#.......# #+#
#.#####.#.# #<#
###.#.# #.###..†#.#
######.#...o)..###
...$.[......@o)...+
.########.#.....###
#.#.#.#.# #.#.$##.#
...... .. .###.# .#
#. #.# .. #.


You could see 2 orc wizards.

Vanquished Creatures
  A dart slug (D:1)
  3 orcs (D:2)
  A goblin (D:1)
  3 hobgoblins (D:1)
  A bat (D:2)
  A frilled lizard (D:2)
  2 kobolds (D:1)
  A rat (D:1)
13 creatures vanquished.

Notes
Turn   | Place    | Note
-------+----------+-------------------------------------------
     0 | D:1      | graymark the Demonspawn Gladiator began the quest for the
                  | Orb.
     0 | D:1      | Reached XP level 1. HP: 16/16 MP: 1/1
   346 | D:1      | Found a faded altar of an unknown god.
   584 | D:1      | Gained mutation: You regenerate a little health from kills.
                  | [demonic ancestry]
   584 | D:1      | Reached XP level 2. HP: 22/22 MP: 2/2
   739 | D:2      | Slain by an orc wizard

Illustrated notes

Levels and vault maps discovered:
D:1:      wander_arrival_lonely_grave, layout_rooms, basic_ecumenical_altar
D:2:      layout_loops_corners, serial_shops, shop

Skill      XL: |  1  2 |
---------------+-------+-----
Dodging        | 3 |  3.0
Axes           | 3 |  3.0
Fighting       | |  2.4
Throwing       | |  1.7

Action                   || total
-------------------------++-------
Melee: War axe           ||    40
  Use: Potion            ||     1
Armor: Leather armour    ||    21
Dodge: Dodged            ||    35
